AoeStats
← bullseyes

African Clearing

506155560Analyzed
4v4 RM · 20d ago on Sep 12, 2026· 25m 4s· 8 players
Game mode
Random Map
Map size
Large (8 player)
Population
200
Speed
Normal
Resources
Standard
Victory
Conquest
Starting age
Dark Age
Ending age
Imperial Age
RankedLock teamsTeams togetherTeam positionsShared explorationLock speedFull tech treeHidden civsTurbo modeCheats
Victory
Defeat
🇦🇷 Mongols · Argentina
1655
+15
🇹🇼 Koreans · Taiwan
1645
+16
🇦🇷 Italians · Argentina
1598
+18
🇨🇱 Mapuche · Chile
1554
+19
🇲🇽 Chinese · Mexico
1750
-22
🇯🇴 Slavs · Jordan
1638
-17
🇧🇪 Wei · Belgium
1594
-15
🇨🇦 Mongols · Canada
1560
-14
|Thepejezombie
3:16 Loom
19:43 Feudal Age
23:38 Castle Age
21:44 Double-Bit Axe
22:01 Horse Collar
24:22 Forging
24:34 Bow Saw
24:40 Fletching
25:23 Bodkin Arrow
juanmar983
6:46 Loom
17:45 Feudal Age
24:17 Double-Bit Axe
24:36 Horse Collar
bullseyes
9:05 Loom
11:56 Feudal Age
12:34 Double-Bit Axe
13:00 Gold Mining
15:16 Horse Collar
17:19 Wheelbarrow
25:11 Castle Age
24:52 Fletching
CAPTAINKILL
4:10 Loom
14:22 Feudal Age
15:07 Double-Bit Axe
20:15 Castle Age
18:33 Scale Barding Armor
18:40 Forging
19:12 Horse Collar
20:24 Bloodlines
Emily001
10:37 Loom
12:35 Feudal Age
15:35 Double-Bit Axe
16:07 Horse Collar
18:48 Castle Age
20:09 Forging
23:22 Bow Saw
25:25 Wheelbarrow
25:07 Gold Mining
默默默默默
4:14 Loom
13:41 Feudal Age
16:31 Town Watch
16:40 Double-Bit Axe
19:42 Castle Age
18:48 Scale Barding Armor
19:15 Gold Mining
amtiky
11:48 Loom
13:53 Feudal Age
18:51 Castle Age
17:10 Double-Bit Axe
17:06 Horse Collar
19:55 Bow Saw
19:27 Fishing Lines
20:24 Fletching
20:17 Horse Collar
22:27 Bodkin Arrow
24:22 Heavy Plow
AiM | shona
10:32 Loom
Connection lost

Rejoining the realm…

Still unreachable

The connection could not be restored.

Session expired

The server has moved on; the page needs a fresh start.